 Dungeon Crawl Stone Soup version 0.27.0-1-g7a089689b8 (webtiles) character file.

Game seed: 12649438248327521729

228 Descartes the Ducker (level 5, -13/22 HPs)
             Began as a Felid Transmuter on Aug 4, 2021.
             Mangled by an ogre (35 damage)
             ... on level 4 of the Dungeon.
             The game lasted 00:08:58 (7306 turns).

Descartes the Ducker (Felid Transmuter)             Turns: 7306, Time: 00:08:58

Health: -13/22     AC:  1    Str:  7    XL:     5   Next: 70%
Magic:  18/18      EV: 20    Int: 14    God:
Gold:   128        SH:  0    Dex: 17    Spells: 5/8 levels left
                                        Lives:  0   Deaths: 1

rFire    . . .     SeeInvis +     - Unarmed
rCold    . . .     Faith    .   (shield unavailable)
rNeg     . . .     Spirit   .   (armour unavailable)
rPois    .         Reflect  .   (helmet unavailable)
rElec    .         Harm     .   (cloak unavailable)
rCorr    .         Rampage  .   (gloves unavailable)
Will     .....                  (boots unavailable)
Stlth    +++.......             (no amulet)
HPRegen  0.07/turn              b - ring of magical power
MPRegen  0.16/turn              c - ring of wizardry

@: appendages (expiring), quick
A: horns 2, very small, claws 1, fangs 3, see invisible, speed 1, shaggy fur 1,
stealthy paws, no weapons or thrown items, no armour, multi-lived
a: End Transformation


You were on level 4 of the Dungeon.
You had temporarily grown beastly horns.
You visited 1 branch of the dungeon, and saw 4 of its levels.

You collected 128 gold pieces.

Inventory:

Jewellery
 b - a ring of magical power (left paw)
 c - a ring of wizardry (right paw)
 e - a ring of protection from cold
 k - a +4 ring of protection
Scrolls
 a - 2 scrolls of holy word {unknown}
 d - 2 scrolls of identify
 g - a scroll of noise {unknown}
 h - 3 scrolls of teleportation {unknown}
 l - a scroll of immolation {unknown}
 m - a scroll of enchant weapon {unknown}
Potions
 f - a potion of might
 i - a potion of lignification {unknown}
 j - a potion of berserk rage {unknown}


   Skills:
 - Level 1.0 Fighting
 + Level 6.3 Dodging
 + Level 6.1 Stealth
 - Level 3.0 Unarmed Combat
 - Level 2.0 Spellcasting
 - Level 2.1 Transmutations


You had 5 spell levels left.
You knew the following spells:

 Your Spells              Type           Power      Damage    Failure   Level
a - Beastly Appendage     Tmut           14%        N/A       4%          1
b - Wereblood             Tmut           7%         N/A       6%          2

Your spell library contained the following spells:

 Spells                   Type           Power      Damage    Failure   Level
 Spider Form              Tmut/Pois      2%         N/A       17%         3
 Ozocubu's Armour         Ice            1%         N/A       26%         3
 Tukima's Dance           Hex            1%         N/A       26%         3
 Ice Form                 Ice/Tmut       4%         N/A       50%         4
 Passage of Golubria      Tloc           N/A        N/A       65%         4
 Yara's Violent Unravell  Hex/Tmut       2%         3d3       82%         5
 Ozocubu's Refrigeration  Ice            0%         4d5       100%        7


Dungeon Overview and Level Annotations

Branches:
Dungeon (4/15)
 Temple: D:4-7

Altars:
Fedhas
Kikubaaqudgha


Innate Abilities, Weirdness & Mutations

You have temporarily grown beastly horns.
You have sharp claws.
You have razor-sharp teeth.
You have supernaturally acute eyesight. (SInv)
You cover ground quickly. (Speed+)
You are covered in fur. (AC +1)
Your paws help you pounce on unaware monsters.
You are incapable of wielding weapons or throwing items.
You cannot wear armour.
You gain extra lives every three experience levels.


Message History

You grow a pair of large bovine horns.
Your transformation is almost over.
Found 7 boomerangs.
An endoplasm comes into view.
The hobgoblin completely misses you.
You scratch the hobgoblin.
The hobgoblin is heavily wounded.
The hobgoblin completely misses you.
You scratch the hobgoblin.
You kill the hobgoblin!
The endoplasm quivers.
No target in view!
No target in view!
Okay, then.
A quokka comes into view.
Things that are here:
a +0 trident; a hobgoblin corpse You stumble into a teleport trap!
You are suddenly yanked towards a nearby monster!
Your surroundings suddenly seem different.
Found two stone staircases leading up.
Your horns disappear.
No target in view!
Casting: Beastly Appendage (safe; 4% risk of failure)
Confirm with . or Enter, or press ? or * to list all spells.
You grow a pair of large bovine horns.
An ogre comes into view. It is wielding a +0 giant club.
The ogre shouts!
You closely miss the ogre.
The ogre shouts!
You headbutt the ogre, but do no damage.
The ogre misses you.
You barely miss the ogre.
Your transformation is almost over.
Found a scroll labelled AFUHO OTRU.
There is a stone staircase leading up here.
The ogre completely misses you.
The ogre hits you with a +0 giant spiked club!!
Ouch! That really hurt!
You die...

....##.#.### ##...###.###
...........# #...# #....
#..##....#.# #...# #####
#........#.# #...#
##.##....#.# #...#
......<....# #...#
....#.#....######.r.######
..........O...............
#####....O@...............
#..#..#.......(.......
#..#..#####.......####
.......# #.#...#.#
..#.##.## # #...#.####.
.##. #.# # #.).#... .. #.
#.#...#.# #. .?
#.......####.
####.......#.


You could see 2 ogres.

Vanquished Creatures
  2 hounds (D:4)
  Terence (D:2)
  A hound skeleton (D:4)
  Robin (D:2)
  6 adders
  An adder skeleton (D:2)
  2 worms
  3 dart slugs
  8 orcs
  5 ball pythons
  6 bats
  A bat skeleton (D:2)
  5 endoplasms
  5 giant cockroaches
  10 hobgoblins
  6 jackals
  7 kobolds
  3 quokkas
  A ball python skeleton (D:2)
  4 frilled lizards
  15 goblins
  7 rats
100 creatures vanquished.

Vanquished Creatures (others)
  2 withered plants (D:2)
2 creatures vanquished.

Grand Total: 102 creatures vanquished

Notes
Turn   | Place    | Note
-------+----------+-------------------------------------------
     0 | D:1      | Descartes the Felid Transmuter began the quest for the Orb.
     0 | D:1      | Reached XP level 1. HP: 9/9 MP: 4/4
   126 | D:1      | Found a faded altar of an unknown god.
   130 | D:1      | Reached skill level 1 in Stealth
   480 | D:1      | Reached XP level 2. HP: 12/12 MP: 6/6
  1256 | D:1      | Learned a level 2 spell: Wereblood
  1835 | D:2      | Reached XP level 3. HP: 12/15 MP: 7/7
  2800 | D:2      | Noticed Terence
  3025 | D:2      | Killed Terence
  3026 | D:2      | Reached XP level 4. HP: 11/19 MP: 8/8
  3353 | D:2      | Found a blossoming altar of Fedhas.
  3515 | D:3      | Identified the +3 helmet of Idghipp {rPois Int+4}
  3515 | D:3      | Noticed Robin
  3663 | D:2      | Killed Robin
  3745 | D:2      | Reached skill level 5 in Dodging
  4290 | D:2      | Frozen to death by an endoplasm
  4291 | D:2      | Reached XP level 3. HP: -3/15 MP: 16/16
  4397 | D:3      | Reached XP level 4. HP: 19/19 MP: 8/8
  4417 | D:3      | Found a blossoming altar of Fedhas.
  4486 | D:3      | Found an ancient bone altar of Kikubaaqudgha.
  4633 | D:3      | Reached skill level 5 in Stealth
  5225 | D:3      | Noticed an ogre
  6104 | D:2      | Found a blossoming altar of Fedhas.
  6765 | D:4      | Reached XP level 5. HP: 12/22 MP: 9/9
  7295 | D:4      | Noticed an ogre
  7306 | D:4      | Mangled by an ogre

Illustrated notes

Levels and vault maps discovered:
D:1:      ncdulo_watergridlock, layout_basic, serial_co_window_serial,
          co_window_cross_1, co_window_corner_a, co_window_corner_a,
          co_window_corner_a, co_window_corner_a, co_window_paths_c,
          co_window_broadway_c, co_window_broadway_c, co_window_paths_d,
          glass_columns_a, glass_columns_a,
          shapermc_ecumenical_altar_starsandcircs
D:2:      layout_basic, basic_altar, serial_undead, serial_undead_f,
          serial_undead_d, serial_undead_b, serial_undead_f,
          nrook_mini_backslash, kennysheep_generic_room_11, uniq_terence
D:3:      layout_basic, nicolae_overflow_hidden_temple, grunt_decor_one_mirror,
          st_stairs_6, minmay_ogre_servants, uniq_robin
D:4:      layout_loops_cross, corexii_checkpoint_a, minmay_misc_feat_enclosed

Skill      XL: |  1  2  3  4  5 |
---------------+----------------+-----
Stealth        | 1 2 4 5 6 |  6.1
Dodging        | 3 4 5 6 |  6.3
Fighting       | |  1.0
Unarmed Combat | |  3.0
Spellcasting   | |  2.0
Transmutations | |  2.1

Action                   |  1- 3 |  4- 6 || total
-------------------------+-------+-------++-------
Melee: Unarmed           |   117 |   182 ||   299
       Bite              |    11 |    19 ||    30
       Headbutt          |     1 |    19 ||    20
 Cast: Beastly Appendage |     5 |    29 ||    34
  Use: Scroll            |     1 |       ||     1
       Potion            |     1 |       ||     1
 Stab: Sleeping          |    14 |     9 ||    23
       Distracted        |       |     1 ||     1
Armor: Skin              |     6 |     5 ||    11
Dodge: Dodged            |    80 |   142 ||   222
